 Dungeon Crawl Stone Soup version 0.22.0-49-gab54619 (webtiles) character file.

210 Fang the Chopper (level 5, 0/34 HPs)
             Began as a Gargoyle Berserker on Sept 4, 2018.
             Was a Believer of Trog.
             Slain by a hobgoblin (3 damage)
             ... on level 3 of the Dungeon.
             The game lasted 00:01:47 (2059 turns).

Fang the Chopper (Gargoyle Berserker)               Turns: 2059, Time: 00:01:48

Health: 0/34       AC:  6    Str: 21    XL:     5   Next: 87%
Magic:  5/5        EV: 12    Int:  8    God:    Trog [**....]
Gold:   127        SH:  0    Dex:  9    Spells: 4/4 levels left

rFire    . . .     SeeInvis .   a - +0 hand axe
rCold    . . .     Gourm    .   (no shield)
rNeg     + . .     Faith    .   b - +0 animal skin
rPois    ∞         Spirit   .   (no helmet)
rElec    +         Reflect  .   (no cloak)
rCorr    .         Harm     .   (no gloves)
MR       .....                  (no boots)
Stlth    +.........             (no amulet)
HPRegen  0.11/turn              (no ring)
MPRegen  0.09/turn              (no ring)

@: berserk cooldown, slowed, very slow
A: negative energy resistance 1, electricity resistance, unbreathing,
petrification resistance, rot immunity, AC +4
a: Berserk, Trog's Hand, Renounce Religion


You were on level 3 of the Dungeon.
You worshipped Trog.
Trog was pleased with you.
You were very hungry.

You visited 1 branch of the dungeon, and saw 3 of its levels.

You collected 127 gold pieces.

Inventory:

Hand Weapons
 a - a +0 hand axe (weapon)
Armour
 b - a +0 animal skin (worn)
Wands
 m - a wand of random effects (21)
Scrolls
 d - 3 scrolls of identify {unknown}
 e - a scroll of immolation {unknown}
 f - 4 scrolls of enchant weapon {unknown}
 h - a scroll of amnesia {unknown}
 j - a scroll of blinking {unknown}
 k - 2 scrolls of teleportation {unknown}
Potions
 g - a potion of ambrosia {unknown}
 i - 3 potions of curing {unknown}
 l - a potion of berserk rage {unknown}
 n - a potion of lignification {unknown}
Comestibles
 c - 7 rations


   Skills:
 + Level 4.3 Fighting
 + Level 4.5 Axes
 + Level 2.4 Armour
 + Level 2.3 Dodging
 + Level 1.2 Stealth


You had 4 spell levels left.
You didn't know any spells.
Your spell library was empty.

Dungeon Overview and Level Annotations

Branches:
Dungeon (3/15)

Altars:


Innate Abilities, Weirdness & Mutations

You are resistant to torment.
Your stone body is resilient. (AC +4)
You are immune to poison.
You resist negative energy. (rN+)
You are resistant to electric shocks. (rElec)
You can survive without breathing.
You are immune to petrification.
You are immune to rotting.


Message History

Unknown command.
You hit the hound.
The hound is lightly wounded.
You barely miss the hobgoblin. The hound closely misses you.
The hobgoblin barely misses you. The hound closely misses you.
The hobgoblin hits you.
* * * LOW HITPOINT WARNING * * *
Unknown command.
You closely miss the hound.
The hound is lightly wounded.
You closely miss the hobgoblin. The hound barely misses you.
The hound misses you. The hobgoblin misses you. The kobold barely misses you.
The hound bites you.
* * * LOW HITPOINT WARNING * * *
You closely miss the hound.
The hound is lightly wounded.
You barely miss the kobold. You hit the hobgoblin. The hound misses you.
The hobgoblin closely misses you. The kobold closely misses you.
The hound closely misses you. The hobgoblin hits you.
You die...

.###..(#####......####+
.# ...# #......# .#
...# #......# #..(...#
#......# #......#
#...)..# #####[## #@K#
#..hg.# #.##..... #.
..#.#.. # ..#.# ... #
.... ....#


You could see a hound, a hobgoblin and a kobold.

Vanquished Creatures
  2 orc priests (D:3)
  Crazy Yiuf (D:2)
  Terence (D:2)
  A hound skeleton (D:3)
  2 adders (D:2)
  3 oozes
  A worm (D:2)
  A dart slug (D:2)
  3 leopard geckos
  3 orcs (D:3)
  6 hobgoblins (D:1)
  4 bats
  A frilled lizard (D:1)
  7 goblins
  A jackal zombie (D:3)
  9 kobolds
  3 rats
49 creatures vanquished.

Vanquished Creatures (others)
  An adder (D:2)
1 creature vanquished.

Grand Total: 50 creatures vanquished

Notes
Turn   | Place    | Note
-------+----------+-------------------------------------------
     0 | D:1      | Fang the Gargoyle Berserker began the quest for the Orb.
     0 | D:1      | Reached XP level 1. HP: 14/14 MP: 1/1
    66 | D:1      | Reached XP level 2. HP: 11/19 MP: 2/2
   415 | D:1      | Reached XP level 3. HP: 18/24 MP: 3/3
   897 | D:2      | Reached ** piety under Trog
  1278 | D:2      | Reached XP level 4. HP: 29/29 MP: 4/4
  1294 | D:2      | Noticed Terence
  1316 | D:2      | Killed Terence
  1433 | D:2      | Found a runed door.
  1673 | D:2      | Noticed Crazy Yiuf
  1681 | D:2      | Killed Crazy Yiuf
  1681 | D:2      | Reached XP level 5. HP: 9/33 MP: 5/5
  1994 | D:3      | Reached skill level 1 in Stealth
  2059 | D:3      | Slain by a hobgoblin

Skill      XL: |  1  2  3  4  5 |
---------------+----------------+-----
Axes           | 3 4 |  4.5
Fighting       | 4 |  4.3
Dodging        | 2 |  2.3
Stealth        | 1 |  1.2
Armour         | |  2.4

Action                   |  1- 3 |  4- 6 || total
-------------------------+-------+-------++-------
Melee: Hand axe          |    94 |    74 ||   168
Invok: Berserk           |       |     2 ||     2
 Stab: Sleeping          |     1 |       ||     1
  Eat: Chunk             |     1 |       ||     1
       Ration            |       |     1 ||     1
Armor: Animal skin       |    33 |    23 ||    56
Dodge: Dodged            |    76 |    51 ||   127
